 Dungeon Crawl Stone Soup version 0.30.1-11-g7821555f0a (webtiles) character file.

Game seed: 15523198666167119068

796 fireball365 the Chopper (level 7, 0/61 HPs)
             Began as a Hill Orc Fighter on Nov 10, 2023.
             Slain by a gnoll
             ... wielding a +0 club
              (4 damage)
             ... on level 4 of the Dungeon.
             The game lasted 00:05:33 (4022 turns).

fireball365 the Chopper (Hill Orc Fighter)          Turns: 4022, Time: 00:05:34

Health: 0/61       AC:  9    Str: 21    XL:     7   Next: 89%
Magic:  7/7        EV:  4    Int:  8    God:
Gold:   197        SH:  0    Dex: 10    Spells: 6/6 levels left

rFire   + . .        a - +0 war axe
rCold   x . .        o - +0 kite shield
rNeg    . . .        j - +0 chain mail
rPois   .            (no helmet)
rElec   .            (no cloak)
rCorr   .            (no gloves)
SInv    .            (no boots)
Will    .....        (no amulet) Stlth
                     i - ring of fire
HPRegen 0.30/turn    (no ring)
MPRegen 0.10/turn

%: no passive effects
@: held
A: no striking features
a: no special abilities


You were on level 4 of the Dungeon.
You visited 1 branch of the dungeon, and saw 4 of its levels.
You also visited: Sewer.

You collected 197 gold pieces.

Inventory:

Hand Weapons
 a - a +0 war axe (weapon)
Armour
 j - a +0 chain mail (worn)
 o - a +0 kite shield (worn)
Jewellery
 i - a ring of fire (left hand)
Wands
 k - a wand of paralysis (16)
Scrolls
 c - 2 scrolls of identify
 f - a scroll of fear
 g - 2 scrolls of torment
 h - a scroll of teleportation
 l - a scroll of poison
 m - a scroll of fog {unknown}
Potions
 b - 3 potions of heal wounds {unknown}
 d - 2 potions of might
 e - a potion of haste {unknown}
 n - a potion of flight
 p - a potion of curing {unknown}


   Skills:
 + Level 5.4 Fighting
 + Level 7.6 Axes
 + Level 5.3 Armour
 + Level 1.5 Dodging
 + Level 5.0 Shields


You had 6 spell levels left.
You didn't know any spells.
Your spell library contained the following spells:

 Spells                   Type           Power      Damage    Failure   Level
 Ensorcelled Hibernation  Hex/Ice        0%         N/A       100%        2
 Passwall                 Tmut/Erth      0%         N/A       100%        2
 Stone Arrow              Conj/Erth      0%         3d7       100%        3
 Swiftness                Air            0%         N/A       100%        3
 Animate Armour           Summ/Erth      0%         N/A       100%        4
 Lehudib's Crystal Spear  Conj/Erth      0%         10d2      100%        8


Dungeon Overview and Level Annotations

Branches:
Dungeon (4/15)             Temple (0/1) D:4           Sewer (visited)

Altars:
Cheibriados


Message History

The orc priest looks satisfied for a moment.
You closely miss the orc priest.
The orc priest is heavily wounded.
The orc priest hits you with a +0 hand axe.
You barely miss the orc priest.
The orc priest is heavily wounded.
The orc priest shouts, "Surrender to Beogh and we'll let you live!"
The orc priest closely misses you.
You slash the orc priest!
You kill the orc priest!
A gnoll comes into view. It is wielding a +0 spear.
A gnoll comes into view. It is wielding a +0 club.
You slash the orc priest!
The orc priest is almost dead.
The orc priest shouts, "Join the one true god or die!"
The orc priest hits you with a +0 war axe!
* * * LOW HITPOINT WARNING * * *
You slash the orc priest!
You kill the orc priest!
A gnoll comes into view. It is wielding a +0 spear.
The gnoll hits you but does no damage. You block the gnoll's attack.
You slash the gnoll!
You kill the gnoll!
The gnoll hits you from afar with a +0 spear.
* * * LOW HITPOINT WARNING * * *
Your Shields skill increases to level 5!
The gnoll hits you but does no damage. You block the gnoll's attack.
Items here: ))) ††.
The gnoll hits you but does no damage. x2
You block the gnoll's attack. The gnoll hits you with a +0 spear.
* * * LOW HITPOINT WARNING * * *
You barely miss the gnoll. You slash the gnoll! The gnoll closely misses you.
The gnoll hits you with a +0 spear!
* * * LOW HITPOINT WARNING * * *
The gnoll throws a throwing net.
You block the throwing net.
You hit the gnoll but do no damage. You slash the gnoll!
You kill the gnoll!
The gnoll throws a throwing net.
The throwing net hits you.
You become entangled in the net!
The gnoll hits you with a +0 club.
You die...

# #.# .#### # ##.#
#.#.. ## #..# #.#. ..#
#.## ##..##.## ###.#
##...#.).# ##...#####
......> #...†....#
#.gP#
#....##..####).###.###
##.#.###....)).@g.....#
#....# #.#####..###.#.#
##.### #.# #..#
#.#####.# #...#
#.......# ......
#>##.#### .......#
.##.#...#### ........#
...........+.........+
.##.#...####


You could see 2 gnolls.

Vanquished Creatures
  Sigmund (D:2)
  3 kobold brigands (Sewer)
  3 orc priests
  Natasha (thrice) (D:4)
  2 orc wizards
  8 gnolls
  6 adders
  A worm (D:2)
  An orc (D:3)
  13 ball pythons
  7 bats
  7 endoplasms
  9 giant cockroaches
  6 hobgoblins
  3 quokkas
  4 frilled lizards
  5 goblins
  21 kobolds
  11 rats
114 creatures vanquished.

Notes
Turn   | Place    | Note
-------+----------+-------------------------------------------
     0 | D:1      | fireball365 the Hill Orc Fighter began the quest for the
                  | Orb.
     0 | D:1      | Reached XP level 1. HP: 19/19 MP: 1/1
   253 | D:1      | Reached XP level 2. HP: 27/27 MP: 2/2
   338 | D:1      | Reached skill level 3 in Axes
   551 | D:1      | Reached XP level 3. HP: 29/33 MP: 3/3
   814 | D:1      | Found a faded altar of an unknown god.
  1144 | D:2      | Found a snail-covered altar of Cheibriados.
  1290 | D:2      | Noticed Sigmund
  1304 | D:2      | Killed Sigmund
  1305 | D:2      | Reached skill level 5 in Axes
  1305 | D:2      | Reached skill level 1 in Dodging
  1305 | D:2      | Reached XP level 4. HP: 24/41 MP: 4/4
  1305 | D:2      | Reached XP level 5. HP: 27/47 MP: 5/5
  1403 | D:2      | Reached XP level 6. HP: 53/53 MP: 6/6
  2873 | D:4      | Found a glowing drain.
  2882 | D:4      | Reached skill level 6 in Axes
  2906 | Sewer    | Entered a sewer
  3113 | Sewer    | Reached skill level 5 in Fighting
  3113 | Sewer    | Reached XP level 7. HP: 39/61 MP: 7/7
  3247 | Sewer    | Reached skill level 5 in Armour
  3558 | D:4      | Reached skill level 7 in Axes
  3594 | D:4      | Noticed Natasha
  3606 | D:4      | Killed Natasha
  3708 | D:4      | Noticed Natasha
  3726 | D:4      | Killed Natasha
  3743 | D:4      | Noticed Natasha
  3759 | D:4      | Killed Natasha
  3997 | D:4      | Found a staircase to the Ecumenical Temple.
  4018 | D:4      | Reached skill level 5 in Shields
  4022 | D:4      | Slain by a gnoll

Illustrated notes

Levels and vault maps discovered:
D:1:      psy_arrival_basics, layout_loops_corners,
          dilly_ecumenical_altar_fadedgnrine
D:2:      layout_rooms, basic_altar, uniq_sigmund
D:3:      layout_basic
D:4:      layout_loops_corners, mainiacjoe_overflow_catwalk_spiral,
          minmay_temple_entry_gardened_gates, cheibrodos_sewer_entry_drain,
          minmay_misc_feat_ornament, nicolae_shop_clearance, uniq_natasha

Skill      XL: |  1  2  3  4  5  6  7 |
---------------+----------------------+-----
Fighting       | 4 5 |  5.4
Axes           | 3 5 6 7 |  7.6
Armour         | 4 5 |  5.3
Dodging        | 1 |  1.5
Shields        | 4 5 |  5.0

Action                     |  1- 3 |  4- 6 |  7- 9 || total
---------------------------+-------+-------+-------++-------
  Melee: War axe           |    89 |   159 |    81 ||   329
    Use: Scroll            |       |     7 |       ||     7
 Armour: Scale mail        |    31 |       |       ||    31
         Chain mail        |    32 |   102 |    40 ||   174
  Dodge: Dodged            |    49 |    48 |    23 ||   120
  Block: Buckler           |    29 |    16 |       ||    45
         Kite shield       |       |    60 |    43 ||   103
